AoeStats
← aaa

Arabia

503650984Analyzed
1v1 RM · 1mo ago on Sep 1, 2026· 26m 35s· 2 players
Game mode
Random Map
Map size
Tiny (2 player)
Population
200
Speed
Normal
Resources
Standard
Victory
Conquest
Starting age
Dark Age
Ending age
Imperial Age
RankedLock teamsTeams togetherTeam positionsShared explorationLock speedFull tech treeHidden civsTurbo modeCheats
Victory
Defeat
🇨🇴 Khitans · Colombia
768
+14
🇸🇰 Gurjaras · Slovakia
734
-32
aaa
0:48 Loom
11:59 Feudal Age
12:59 Arson
14:51 Horse Collar
14:36 Man-at-Arms
14:43 Man-at-Arms
16:28 Wheelbarrow
20:00 Forging
20:27 Gold Mining
22:19 Bloodlines
22:22 Town Watch
23:23 Double-Bit Axe
25:22 Fletching
Slumdawwg5940
9:40 Feudal Age
10:56 Double-Bit Axe
10:57 Domestication
22:28 Castle Age
21:45 Scale Barding Armor
21:50 Forging
21:48 Scale Barding Armor
21:42 Gold Mining
22:50 Fletching
24:46 Iron Casting
24:17 Husbandry
24:08 Light Cavalry
25:22 Pastoralism
25:35 Bow Saw
Connection lost

Rejoining the realm…

Still unreachable

The connection could not be restored.

Session expired

The server has moved on; the page needs a fresh start.